 Dungeon Crawl Stone Soup version 0.23.2 (webtiles) character file.

Game seed: 16110633547374067722

38 Borgoz the Sneak (level 3, 0/28 HPs)
             Began as a Ghoul Enchanter on Apr 4, 2019.
             Slain by Sigmund
             ... wielding a +0 scythe
              (10 damage)
             ... on level 2 of the Dungeon.
             The game lasted 00:01:43 (1088 turns).

Borgoz the Sneak (Ghoul Enchanter)                  Turns: 1088, Time: 00:01:43

Health: 0/28       AC:  5    Str: 11    XL:     3   Next: 43%
Magic:  4/4        EV: 10    Int: 15    God:
Gold:   54         SH:  0    Dex: 10    Spells: 4/5 levels left

rFire    . . .     SeeInvis .   a - +1 dagger
rCold    + . .     Gourm    .   (no shield)
rNeg     + + +     Faith    .   h - +0 ring mail
rPois    ∞         Spirit   .   (no helmet)
rElec    .         Reflect  .   (no cloak)
rCorr    .         Harm     .   (no gloves)
MR       .....                  (no boots)
Stlth    +.........             (no amulet)
HPRegen  0.00/turn              (no ring)
MPRegen  0.09/turn              (no ring)

@: brilliant, flying, rotting, hasted, very quick
A: rotting body, claws 1, carnivore, cold resistance 1, negative energy
resistance 3, inhibited regeneration, torment resistance, unbreathing
a: no special abilities


You were on level 2 of the Dungeon.
You were not hungry.

You visited 1 branch of the dungeon, and saw 2 of its levels.

You collected 54 gold pieces.

Inventory:

Hand Weapons
 a - a +1 dagger (weapon)
Armour
 h - a +0 ring mail (worn)
Scrolls
 e - a scroll of remove curse {unknown}
 f - 3 scrolls of amnesia {unknown}
 g - 3 scrolls of identify {unknown}
 i - a scroll of fear {unknown}
Potions
 b - a potion of flight
Comestibles
 d - 4 rations
 l - a chunk of flesh


   Skills:
 + Level 1.2 Fighting
 * Level 1.9 Short Blades
 + Level 1.0 Armour
 + Level 2.1 Dodging
 - Level 3.2 Stealth
 - Level 1.7 Spellcasting
 - Level 2.4 Hexes


You had 4 spell levels left.
You knew the following spells:

 Your Spells              Type           Power        Failure   Level  Hunger
a - Corona                Hex            ###....      2%          1    ##.....

Your spell library contained the following spells:

 Spells                   Type           Power        Failure   Level  Hunger
 Ensorcelled Hibernation  Hex/Ice        ##....       6%          2    ###....
 Confuse                  Hex            ###.....     7%          3    ####...
 Tukima's Dance           Hex            ###.....     7%          3    ####...
 Dazzling Spray           Conj/Hex       ##....       11%         3    ####...


Dungeon Overview and Level Annotations

Branches:
Dungeon (2/15)

Altars:

Annotations:
D:2 Sigmund


Innate Abilities, Weirdness & Mutations

Your body is rotting away.
You thrive on raw meat.
You are immune to poison.
You have sharp fingernails.
You are carnivorous and can eat meat at any time.
Your flesh is cold resistant. (rC+)
You are immune to negative energy. (rN+++)
You do not regenerate when monsters are visible.
You are immune to unholy pain and torment.
You can survive without breathing.


Message History

The adder closely misses you.
You hit the adder.
The adder is moderately wounded.
You hit the adder but do no damage.
The adder is moderately wounded.
The adder bites you but does no damage. Something hits you.
You hit the adder.
The adder is heavily wounded.
The adder bites you.
You closely miss the adder.
The adder is heavily wounded.
Something hits you!
* * * LOW HITPOINT WARNING * * *
The adder closely misses you.
You hit the adder.
The adder is heavily wounded.
Eat one of 2 chunks of flesh? (ye/n/q)
You eat one of the 2 chunks of flesh.
This raw flesh tastes great!
The adder closely misses you. Something hits you!
You die...

#.....# #.#....
..#.....####......
.........÷........
..#....÷####...#.#
#.....# #.#.#.#
#.....####.#...# .
####.......##...
....######
#.########..#
.....{S@.# #. ##.#
....####.# #. #.. .
#.# #. ##. #.# #.###
#. #.# ...# ##
####.#####.##### #
#..............# #
#........##....#####
#...(....##.........


You could see an adder.

Vanquished Creatures
  2 adders (D:2)
  A dart slug (D:2)
  2 goblins (D:1)
  2 hobgoblins (D:1)
  A quokka (D:2)
  4 bats
  3 frilled lizards
  4 kobolds
  2 rats (D:1)
21 creatures vanquished.

Notes
Turn   | Place    | Note
-------+----------+-------------------------------------------
     0 | D:1      | Borgoz the Ghoul Enchanter began the quest for the Orb.
     0 | D:1      | Reached XP level 1. HP: 14/14 MP: 2/2
    20 | D:1      | Reached skill level 1 in Short Blades
   450 | D:1      | Reached XP level 2. HP: 11/22 MP: 3/3
   731 | D:2      | Reached skill level 1 in Fighting
   786 | D:2      | Reached XP level 3. HP: 24/28 MP: 4/4
   825 | D:2      | Reached skill level 1 in Armour
  1070 | D:2      | Noticed Sigmund
  1088 | D:2      | Slain by Sigmund

Skill      XL: |  1  2  3 |
---------------+----------+-----
Short Blades   | 1 |  1.9
Dodging        | 2 |  2.1
Fighting       | 1 |  1.2
Armour         | 1 |  1.0
Stealth        | |  3.2
Spellcasting   | |  1.7
Hexes          | |  2.4

Action                   || total
-------------------------++-------
Melee: Dagger            ||   109
  Use: Potion            ||     5
 Stab: Sleeping          ||     3
  Eat: Chunk             ||     8
Armor: Ring mail         ||    29
       Robe              ||     2
Dodge: Dodged            ||    63
